 Dungeon Crawl Stone Soup version 0.16-a0-3472-g5ce0ac0 (console) character file.

44 MrRokkomies the Charmwright (level 3, -3/26 HPs)
             Began as a High Elf Skald on Jan 3, 2015.
             Slain by Sigmund
             ... wielding a +0 scythe
              (7 damage)
             ... on level 2 of the Dungeon.
             The game lasted 00:04:41 (1713 turns).

MrRokkomies the Charmwright (High Elf Skald)        Turns: 1713, Time: 00:04:42

Health: -3/26      AC:  5    Str: 12    XL:     3   Next: 39%
Magic:  8/8        EV: 10    Int: 15    God:
Gold:   79         SH:  0    Dex: 15    Spells: 2 memorised, 3 levels left

rFire  . . .     SeeInvis .     a - +0 falchion
rCold  . . .     Clarity  .     h - +0 ring mail
rNeg   . . .     SustAb   .     (no shield)
rPois  .         Gourm    .     (no helmet)
rElec  .         Spirit   .     (no cloak)
rCorr  .         Warding  .     (no gloves)
rMut   .         Stasis   .     (no boots)
MR     .....                    (no amulet)
Stlth  +.........               (no ring)
                                (no ring)

@: very slightly contaminated, slowed, very slow, not resistant to hostile
enchantments, very unstealthy
A: no striking features
a: no special abilities


You were on level 2 of the Dungeon.
You were very hungry.

You visited 1 branch of the dungeon, and saw 2 of its levels.

You collected 79 gold pieces.

Inventory:

Hand weapons
 a - a +0 falchion (weapon)
Armour
 h - a +0 ring mail (worn)
Potions
 e - a potion of curing
 f - a potion of brilliance
Books
 c - a book of Battle

   Spells                             Type                      Level
   a - Infusion                       Charms                       1
   b - Shroud of Golubria             Charms/Translocation         2
   c - Song of Slaying                Charms                       2
   d - Spectral Weapon                Hexes/Charms                 3
   e - Regeneration                   Charms/Necromancy            3
Comestibles
 d - a bread ration


   Skills:
 * Level 3.1 Fighting
 * Level 3.6 Long Blades
 - Level 0.8 Armour
 - Level 1.1 Dodging
 - Level 2.4 Spellcasting
 - Level 3.6 Charms


You had 3 spell levels left.
You knew the following spells:

 Your Spells              Type           Power        Failure   Level  Hunger
a - Infusion              Chrm           ##....       10%         1    #......
b - Shroud of Golubria    Chrm/Tloc      #.........   28%         2    ###....


Dungeon Overview and Level Annotations

Branches:
Dungeon (2/15)

Altars:
Dithmenos

Annotations:
D:2 Sigmund


Message History

The hobgoblin zaps a wand.
You resist with some effort.
The hobgoblin zaps a wand.
You resist with some effort.
The hobgoblin zaps a wand.
You feel as though you will be slow longer.
The hobgoblin hits you.
* * * LOW HITPOINT WARNING * * *
You are too injured to fight recklessly!
You are too injured to fight recklessly!
You are too injured to fight recklessly!
You are too injured to fight recklessly!
You barely miss the hobgoblin.
The hobgoblin is moderately wounded.
The hobgoblin hits you but does no damage.
The hobgoblin barely misses you. Something hits you but does no damage.
You hit the hobgoblin but do no damage.
The hobgoblin is moderately wounded.
The hobgoblin hits you.
* * * LOW HITPOINT WARNING * * *
Something hits you!
You die...

#.......# #.#
######### #.# #.#
#.# #.# #.# #.#
#################
#.#
#...........g@..#
#.#
####.#############.#
#.# ..{..........
#.# #.# .###.#######
#.# #.# .# #.#
#.######.# .# #.#
#........# g# #.#
########## .# #.# .#
#.#


You could see a hobgoblin.

Vanquished Creatures
  A worm (D:2)
  4 giant geckos
  4 bats
  5 giant cockroaches
  5 goblins
  4 hobgoblins
  3 kobolds (D:1)
  2 giant newts
  4 rats (D:1)
32 creatures vanquished.

Notes
Turn   | Place    | Note
--------------------------------------------------------------
     0 | D:1      | MrRokkomies, the High Elf Skald, began the quest for the Orb.
     0 | D:1      | Reached XP level 1. HP: 14/14 MP: 4/4
     0 | D:1      | Noticed a spriggan skeleton
     3 | D:1      | Noticed a merfolk skeleton
     7 | D:1      | Noticed a draconian skeleton
    12 | D:1      | Noticed a merfolk skeleton
    13 | D:1      | Noticed a spriggan skeleton
    16 | D:1      | Noticed an elf skeleton
    16 | D:1      | Noticed a spriggan skeleton
    18 | D:1      | Noticed a merfolk skeleton
   480 | D:1      | Reached XP level 2. HP: 17/20 MP: 6/6
   533 | D:1      | Learned a level 2 spell: Shroud of Golubria
  1128 | D:2      | Found a shadowy altar of Dithmenos.
  1140 | D:2      | Reached XP level 3. HP: 17/25 MP: 8/8
  1652 | D:2      | Noticed Sigmund
  1713 | D:2      | Slain by Sigmund

Action                   || total
-------------------------++-------
Melee: Falchion          ||   125
 Cast: Shroud of Golubri ||     5
       Infusion          ||     2
  Use: Scroll            ||     4
       Potion            ||     1
  Eat: Chunk             ||     2
